 Dungeon Crawl Stone Soup version 0.20.1-1-g8b1a95d (webtiles) character file.

149 vineage the Chopper (level 5, -1/46 HPs)
             Began as a Minotaur Fighter on Nov 4, 2017.
             Killed by nerve-wracking pain
             ... invoked by Grinder
              (11 damage)
             ... while paralysed by Grinder
             ... on level 3 of the Dungeon.
             The game lasted 00:02:38 (1617 turns).

vineage the Chopper (Minotaur Fighter)              Turns: 1617, Time: 00:02:39

Health: -1/46      AC:  8    Str: 21    XL:     5   Next: 9%
Magic:  4/4        EV:  2    Int:  5    God:
Gold:   151        SH:  0    Dex: 10    Spells: 4/4 levels left

rFire    . . .     SeeInvis .   a - +0 war axe
rCold    . . .     Gourm    .   c - +0 shield
rNeg     . . .     Faith    .   b - +0 scale mail
rPois    .         Spirit   .   (helmet restricted)
rElec    .         Reflect  .   (no cloak)
rCorr    .         Harm     .   (no gloves)
MR       .....                  j - +0 pair of boots
Stlth    ..........             (no amulet)
Regen    0.2/turn               (no ring)
MPRegen  0.1/turn               (no ring)

@: paralysed
A: retaliatory headbutt, horns 2
a: no special abilities


You were on level 3 of the Dungeon.
You were hungry.

You visited 1 branch of the dungeon, and saw 4 of its levels.

You collected 151 gold pieces.

Inventory:

Hand Weapons
 a - a +0 war axe (weapon)
Armour
 b - a +0 scale mail (worn)
 c - a +0 shield (worn)
 j - a +0 pair of boots (worn)
Jewellery
 m - an uncursed amulet of harm {unknown}
Wands
 s - a wand of polymorph (6/24)
 u - a wand of random effects (27/48)
Scrolls
 i - a scroll of amnesia {unknown}
 k - 2 scrolls of random uselessness {unknown}
 l - 2 scrolls of identify {unknown}
 n - 3 scrolls of teleportation {unknown}
 p - a scroll of fog {unknown}
 t - a scroll of remove curse {unknown}
Potions
 d - 2 potions of might
 e - a potion of curing
 g - a potion of lignification {unknown}
 h - 2 potions of cancellation {unknown}
 q - a potion of mutation {unknown}
 r - 4 potions of invisibility {unknown}
 v - a potion of agility {unknown}
Comestibles
 f - 2 bread rations
 o - 3 fruits


   Skills:
 - Level 3.8 Fighting
 * Level 5.9 Axes
 - Level 3.8 Armour
 - Level 4.0 Shields


You had 4 spell levels left.
You didn't know any spells.

Dungeon Overview and Level Annotations

Branches:
Dungeon (4/15)
 Temple: D:4-7

Altars:
Sif Muna

Annotations:
D:3 Grinder


Innate Abilities, Weirdness & Mutations

You reflexively headbutt those who attack you in melee.
You have a pair of horns on your head.


Message History

You suddenly lose the ability to move!
Grinder gestures at you.
You shrug off the repeated paralysis!
Grinder blinks!
Grinder gestures at you. You resist with significant effort.
You can move again.
You slash Grinder!
Grinder is almost dead.
You block Grinder's attack. Grinder gestures at you.
You suddenly lose the ability to move!
Grinder hits you.
You writhe in agony.
Grinder hits you but does no damage. Grinder hits you but does no damage.
Grinder hits you!
* * * LOW HITPOINT WARNING * * *
Grinder gestures at you. Pain shoots through your body!
You die...

#........# #.#
#....###.# #!#
###†.# .# #.#
#..###.##.# #.#
#[.....#.. #.#
#)##.###.### #.# #
#..........# #.#
###..#.#.....####.#
..#...###.....†5@.#
#.##.#.#.....######
#.##..........#
#.##.#.######.##
#...[.># #.5.#
####.#.# #..#..#
##..# #..# #..#
##.##..# #..#
#.#..# #..#


You could see Grinder.

Vanquished Creatures
  Ijyb (D:3)
  Jessica (D:3)
  3 adders
  An ooze (D:1)
  3 worms (D:2)
  2 dart slugs
  A ball python (D:1)
  6 giant cockroaches
  5 goblins
  6 hobgoblins
  3 kobolds
  2 quokkas
  5 bats
  4 frilled lizards
  10 rats
53 creatures vanquished.

Notes
Turn   | Place    | Note
-------+----------+-------------------------------------------
     0 | D:1      | vineage the Minotaur Fighter began the quest for the Orb.
     0 | D:1      | Reached XP level 1. HP: 19/19 MP: 0/0
    50 | D:1      | Reached XP level 2. HP: 24/27 MP: 1/1
   146 | D:1      | Reached skill level 3 in Axes
   531 | D:1      | Reached XP level 3. HP: 30/33 MP: 2/2
   655 | D:1      | Found a deep blue altar of Sif Muna.
   925 | D:2      | Reached skill level 4 in Axes
   938 | D:2      | You fall through a shaft for 2 floors!
   987 | D:3      | Noticed Ijyb
  1023 | D:3      | Killed Ijyb
  1023 | D:3      | Reached XP level 4. HP: 25/40 MP: 3/3
  1156 | D:3      | Reached skill level 5 in Axes
  1527 | D:3      | Noticed Jessica
  1531 | D:3      | Killed Jessica
  1531 | D:3      | Reached XP level 5. HP: 43/46 MP: 4/4
  1574 | D:3      | Noticed Grinder
  1593 | D:3      | Paralysed by Grinder for 3 turns
  1600 | D:3      | Paralysed by Grinder for 7 turns
  1612 | D:3      | Paralysed by Grinder for 7 turns
  1617 | D:3      | Killed from afar by Grinder

Skill      XL: |  1  2  3  4 |
---------------+-------------+-----
Shields        | 4 |  4.0
Axes           | 3 4 5 |  5.9
Fighting       | |  3.8
Armour         | |  3.8

Action                   |  1- 3 |  4- 6 || total
-------------------------+-------+-------++-------
Melee: War axe           |    80 |    56 ||   136
       Headbutt          |    11 |     3 ||    14
       Unarmed           |    21 |       ||    21
  Eat: Chunk             |       |     2 ||     2
Armor: Scale mail        |    34 |    21 ||    55
Dodge: Dodged            |    29 |     8 ||    37
Block: Shield            |    39 |    29 ||    68
